Match 46535692
Unlisted

Match 46535692
End
Scout Squad
Construct Weapon Support Center
M1919 Machine Gun Team
Scout Squad
M1919 Machine Gun Team
Bazooka Squad
Construct Medical Station
Infantry Support Center
Engineer Squad
Construct Motor Pool
Selects Armored Battlegroup
Selects Veteran Crews
Selects Fast Deploy
M8 Greyhound Armored Car
Engineer Squad
M8 Greyhound Armored Car
M1 Anti-tank Gun Team
M1919 Machine Gun Team
Advanced Logistics
M1919 Machine Gun Team
Construct Barracks
Riflemen Squad
Grenade Package
Riflemen Squad
Selects M31 Recovery Vehicle
M31 Recovery Vehicle
Construct Tank Depot
Iceman
Vizantum
0
0

Comments sign in to comment!

No comments posted yet!